 Dungeon Crawl Stone Soup version 0.21.1-1-g345015fe64 (webtiles) character file.

760 Peloso the Covered (level 7, -11/64 HPs)
             Began as a Deep Dwarf Fighter on Apr 22, 2018.
             Mangled by Pikel
             ... wielding a +0 whip of electrocution
              (17 damage)
             ... on level 4 of the Dungeon.
             The game lasted 00:08:56 (2941 turns).

Peloso the Covered (Deep Dwarf Fighter)             Turns: 2941, Time: 00:08:57

Health: -11/64     AC: 17    Str: 22    XL:     7   Next: 50%
Magic:  6/6        EV:  7    Int:  8    God:
Gold:   189        SH: 10    Dex: 12    Spells: 6/6 levels left

rFire    . . .     SeeInvis .   a - +0 long sword
rCold    . . .     Gourm    .   c - +0 shield
rNeg     . . .     Faith    .   i - +0 chain mail
rPois    .         Spirit   .   o - +0 helmet
rElec    .         Reflect  .   j - scarf {cloud immunity}
rCorr    .         Harm     .   (no gloves)
MR       +....                  m - +2 pair of boots {Stlth+}
Stlth    ..........             (no amulet)
HPRegen  0.00/turn              l - +3 ring of protection
MPRegen  0.10/turn              (no ring)

@: non-regenerating
A: damage resistance, heal wounds, sense surroundings 1, no regeneration
a: Heal Wounds


You were on level 4 of the Dungeon.
You were hungry.

You visited 1 branch of the dungeon, and saw 4 of its levels.

You collected 189 gold pieces.

Inventory:

Hand Weapons
 a - a +0 long sword (weapon)
Armour
 c - a +0 shield (worn)
 i - a +0 chain mail (worn)
 j - a scarf of cloud immunity (worn)
 m - a +2 pair of boots of stealth (worn)
 o - a +0 helmet (worn)
Jewellery
 k - an uncursed amulet of harm
 l - a +3 ring of protection (left hand)
Wands
 g - a wand of random effects (15)
Scrolls
 d - a scroll of enchant armour
 h - 3 scrolls of remove curse
Potions
 b - a potion of heal wounds {unknown}
 e - 3 potions of curing
 r - a potion of magic
Comestibles
 f - 7 rations


   Skills:
 + Level 4.1 Fighting
 + Level 5.1 Long Blades
 + Level 5.2 Armour
 + Level 3.0 Dodging
 + Level 0.1 Stealth
 + Level 4.8 Shields


You had 6 spell levels left.
You didn't know any spells.

Dungeon Overview and Level Annotations

Branches:
Dungeon (4/15)
 Temple: D:4-7

Altars:
Okawaru
Xom

Annotations:
D:4 Pikel


Innate Abilities, Weirdness & Mutations

You are resistant to damage.
You can heal yourself by infusing magical energy.
You passively map a small area around you.
You do not regenerate.


Message History

Pikel is moderately wounded.
Pikel hits you but does no damage.
You are electrocuted!
* * * LOW HITPOINT WARNING * * *
You block the slave's attack.
Unknown command.
You barely miss Pikel.
Pikel is moderately wounded.
Pikel says, "I'm sure the Orcish Mines are around here somewhere..."
You block Pikel's attack. The slave barely misses you.
You riposte.
You hit the slave.
The slave is lightly wounded.
You block Pikel's attack.
You hit Pikel but do no damage.
Pikel is moderately wounded.
You are feeling hungry.
The slave hits you but does no damage.
Pikel hits you with a whip of electrocution.
* * * LOW HITPOINT WARNING * * *
You are electrocuted!
You die...

* , * ,, ## , , * ###### #. *
#....###. * , ####.#)<.##. * #.#
#....#...... #.#
########.####...##. ##.##
#.@Kp....# ######. #..<#
#p###....# #. ####
#...#####.###.#.## #. [..#
#...............# #######÷
##.####...#####.##.[..# #.......
##............#.##.K..####..>....
.....................÷..........÷
##............#.###.#.####......#
##.####...............# #......#


You could see Pikel and 2 slaves.

Vanquished Creatures
  Grinder (D:3)
  Sigmund (D:2)
  A slave (D:4)
  An ogre (D:4)
  A hound (D:4)
  Crazy Yiuf (D:2)
  A bullfrog skeleton (D:4)
  2 worker ants
  Robin (D:1)
  A gnoll (D:1)
  8 adders
  An ooze (D:4)
  2 worms
  2 dart slugs
  2 leopard geckos
  4 orcs (D:3)
  8 bats
  3 giant cockroaches
  18 goblins
  8 hobgoblins
  A quokka (D:2)
  3 ball pythons (D:1)
  4 frilled lizards
  4 kobolds
  6 rats
85 creatures vanquished.

Notes
Turn   | Place    | Note
-------+----------+-------------------------------------------
     0 | D:1      | Peloso the Deep Dwarf Fighter began the quest for the Orb.
     0 | D:1      | Reached XP level 1. HP: 20/20 MP: 1/1
    74 | D:1      | Reached XP level 2. HP: 12/27 MP: 2/2
   714 | D:1      | Reached XP level 3. HP: 15/34 MP: 3/3
   866 | D:2      | Noticed Robin
   889 | D:1      | Reached skill level 1 in Dodging
  1199 | D:1      | Killed Robin
  1199 | D:1      | Reached XP level 4. HP: 15/42 MP: 4/4
  1287 | D:2      | Found an iron altar of Okawaru.
  1314 | D:2      | Found a runed door.
  1323 | D:2      | Noticed Crazy Yiuf
  1340 | D:2      | Paralysed by Crazy Yiuf for 6 turns
  1349 | D:2      | Killed Crazy Yiuf
  1464 | D:2      | Noticed Sigmund
  1477 | D:2      | Killed Sigmund
  1477 | D:2      | Reached XP level 5. HP: 38/49 MP: 4/4
  1477 | D:2      | Reached XP level 6. HP: 44/56 MP: 5/5
  1670 | D:2      | Found a shimmering altar of Xom.
  2179 | D:3      | Noticed Grinder
  2191 | D:3      | Paralysed by Grinder for 6 turns
  2212 | D:3      | Paralysed by Grinder for 2 turns
  2218 | D:3      | Paralysed by Grinder for 7 turns
  2233 | D:3      | Killed Grinder
  2233 | D:3      | Reached XP level 7. HP: 14/64 MP: 6/6
  2670 | D:4      | Reached skill level 5 in Armour
  2856 | D:4      | Noticed Pikel
  2887 | D:4      | Reached skill level 5 in Long Blades
  2941 | D:4      | Mangled by Pikel

Skill      XL: |  1  2  3  4  5  6  7 |
---------------+----------------------+-----
Fighting       | 3 4 |  4.1
Dodging        | 1 2 3 |  3.0
Armour         | 4 5 |  5.2
Shields        | 4 |  4.8
Long Blades    | 3 4 5 |  5.1
Stealth        | |  0.1

Action                   |  1- 3 |  4- 6 |  7- 9 || total
-------------------------+-------+-------+-------++-------
Melee: Long sword        |   121 |   127 |   115 ||   363
 Abil: Heal Wounds       |     1 |     2 |     2 ||     5
Evoke: Wand              |       |     1 |       ||     1
  Use: Scroll            |       |     3 |     3 ||     6
       Potion            |       |     2 |       ||     2
  Eat: Chunk             |     1 |     4 |     2 ||     7
Armor: Scale mail        |    58 |    82 |    20 ||   160
       Skin              |       |     3 |       ||     3
       Chain mail        |       |       |    30 ||    30
Dodge: Dodged            |    51 |    45 |    28 ||   124
Block: Shield            |    92 |    62 |    57 ||   211
       Rpst.: Long sword |    20 |    18 |    11 ||    49
